 Dungeon Crawl Stone Soup version 0.27-a0-74-gebd156f8b4 (webtiles) character file.

Game seed: 1291389230924726483

49047 dickylongcocking the Tainter (level 14, -23/97 HPs)
             Began as an Octopode Venom Mage on Jan 11, 2021.
             Was an Initiate of Gozag.
             Annihilated by an orc warrior
             ... wielding a +0 glaive
              (28 damage)
             ... while paralysed
             ... on level 2 of the Orcish Mines.
             The game lasted 00:35:02 (25695 turns).

dickylongcocking the Tainter (Octopode Venom Mage) Turns: 25695, Time: 00:35:02

Health: -23/97     AC:  8    Str: 13    XL:     14   Next: 49%
Magic:  0/37       EV:  2    Int: 21    God:    Gozag
Gold:   1227       SH:  0    Dex: 20    Spells: 4/34 levels left

rFire    + . .     SeeInvis +   O - +1 flail (protect) (curse)
rCold    + + .     Faith    .   y - +3 warlock's mirror {reflect}
rNeg     . . .     Spirit   +   (helmet restricted)
rPois    +         Reflect  +   K - amulet of guardian spirit
rElec    +         Harm     .   u - +6 ring of strength
rCorr    +         Rampage  .   D - ring of magical power
Will     +....                  J - ring of see invisible
Stlth    ++++......             M - +6 ring of dexterity
HPRegen  0.26/turn              k - +4 ring of slaying
MPRegen  0.25/turn              s - ring of protection from cold
                                S - ring of fire
                                R - ring of ice

@: paralysed, resistant (expiring), gold aura, protection aura, berserk
cooldown, hasted and slowed
A: almost no armour, stealthy swim, amphibious, 8 rings, constrict 8, camouflage
1, gelatinous body 1
a: Renounce Religion, Potion Petition, Call Merchant, Bribe Branch


You were on level 2 of the Orcish Mines.
You worshipped Gozag.
Gozag was most pleased with you.
You visited 3 branches of the dungeon, and saw 15 of its levels.
You also visited: Bailey.

You collected 3553 gold pieces.
You paid 2326 gold pieces to Gozag.

Inventory:

Hand Weapons
 i - a +0 dagger
 m - a +0 scimitar
 q - a +2 dagger of freezing
 t - a +0 dagger of draining
 z - a +3 war axe of distortion
 O - a cursed +1 flail of protection (weapon)
Armour
 j - a +0 kite shield
 y - the +3 warlock's mirror (worn) {reflect}
   (You acquired it on level 8 of the Dungeon)
 B - a +2 kite shield
Magical Staves
 o - an uncursed staff of earth
Jewellery
 k - a +4 ring of slaying (on tentacle)
 s - a ring of protection from cold (on tentacle)
 u - a +6 ring of strength (left tentacle)
 D - a ring of magical power (right tentacle)
 J - a ring of see invisible (on tentacle)
 K - an amulet of guardian spirit (around mantle)
 M - a +6 ring of dexterity (on tentacle)
 R - a ring of ice (on tentacle)
 S - a ring of fire (on tentacle)
 T - an uncursed ring of ice
Wands
 l - a wand of paralysis (6)
 n - a wand of polymorph (21)
 F - a wand of random effects (42)
 G - a wand of iceblast (5)
 H - a wand of flame (9)
Scrolls
 b - a scroll of identify
 e - 5 scrolls of amnesia
 f - 4 scrolls of immolation
 g - 7 scrolls of enchant armour
 h - 3 scrolls of noise
 w - 2 scrolls of magic mapping
 x - 5 scrolls of summoning {unknown}
 A - 6 scrolls of remove curse
 Q - 4 scrolls of enchant weapon {unknown}
Potions
 c - 5 potions of brilliance
 d - 17 potions of curing
 r - 2 potions of flight
 v - 2 potions of resistance
 C - 3 potions of ambrosia {unknown}
 E - 3 potions of degeneration
 I - a potion of berserk rage
Miscellaneous
 N - a phial of floods


   Skills:
 * Level 9.6 Fighting
 * Level 4.5 Dodging
 - Level 2.7 Stealth
 - Level 7.2 Shields
 - Level 0.1 Unarmed Combat
 * Level 10.6 Spellcasting
 * Level 3.8 Conjurations
 * Level 6.1 Summonings
 - Level 5.1 Transmutations
 - Level 7.4 Fire Magic
 * Level 3.8 Ice Magic
 - Level 3.5 Air Magic
 - Level 13.5 Poison Magic


You had 4 spell levels left.
You knew the following spells:

 Your Spells              Type           Power        Failure   Level
a - Sting                 Tmut/Pois      100%         1%          1
b - Summon Lightning Spi  Summ/Air       31%          9%          4
c - Summon Ice Beast      Ice/Summ       48%          8%          4
d - Olgreb's Toxic Radia  Pois           61%          1%          4
e - Fireball              Conj/Fire      25%          17%         5
i - Ignite Poison         Fire/Tmut/Pois 64%          1%          3
p - Poisonous Vapours     Pois/Air       92%          1%          2
s - Sticky Flame          Conj/Fire      51%          6%          4
x - Mephitic Cloud        Conj/Pois/Air  40%          1%          3

Your spell library contained the following spells:

 Spells                   Type           Power        Failure   Level
 Foxfire                  Conj/Fire      100%         1%          1
 Summon Small Mammal      Summ           100%         1%          1
 Call Imp                 Summ           37%          1%          2
 Call Canine Familiar     Summ           37%          1%          3
 Conjure Flame            Conj/Fire      51%          1%          3
 Inner Flame              Hex/Fire       40%          4%          3
 Summon Guardian Golem    Hex/Summ       24%          5%          3


Dungeon Overview and Level Annotations

Branches:
Dungeon (12/15)            Temple (1/1) D:6            Lair (0/6) D:9
    Orc (2/2) D:12         Bailey (visited)
    Elf: Orc:2

Altars:
Ashenzari
Cheibriados
Dithmenos
Elyvilon
Fedhas
Gozag
Hepliaklqana
Kikubaaqudgha
Makhleb
Nemelex Xobeh
Qazlal
Ru
Sif Muna
Trog
Uskayaw
Vehumet
Xom
Yredelemnul
Zin
The Shining One
Beogh

Shops:
D:4 }

Portals:
Trove: D:11 (give 6 scrolls of fog)

Annotations:
D:12 1 runed translucent door


Innate Abilities, Weirdness & Mutations

You cannot wear most types of armour.
You are very stealthy in the water. (Stealth+)
You are amphibious.
You can wear up to eight rings at the same time.
You can use your tentacles to constrict eight enemies at once.
Your skin changes colour to match your surroundings (Stealth+).
Your rubbery body absorbs attacks. (AC +1, EV +1)


Message History

A centaur comes into view.
The orc warrior misses you. The two-headed ogre closely misses you.
The two-headed ogre hits you with a +0 giant spiked club!!
* * * LOW HITPOINT WARNING * * *
You block the centaur's attack.
Your Summonings skill increases to level 6!
Unknown command.
Unknown command.
Unknown command.
Unknown command.
You are too berserk!
Unknown command.
You hit the centaur.
You kill the centaur!
You are no longer berserk.
You pass out from exhaustion.
You feel yourself slow down.
The orc warrior hits you from afar with a +0 glaive!!
You die...
Your body crumbles into a pile of gold.

.........$$$.
.............
$........#...
.).......##..
....#.....
#.........
..........
.$........## ###
............ ##@##
$(.......... #$OO#
.$$.........####oo##
.....#...#.#..##...#
.$...#... #.....o.##
.##.#O...###....c.#
.....(.##.O...#....#
.##.....(c...##....#
(.#...(...........##


You could see a two-headed ogre, 3 orc warriors, an ogre and a centaur.

Vanquished Creatures
  Rupert (Orc:2)
  An orc warlord (Orc:2)
  Nessos (D:12)
  Fannar (D:12)
  A hydra (D:12)
  A centaur warrior (D:12)
  A boulder beetle (D:7)
  4 two-headed ogres
  5 skeletal warriors
  An unseen horror (D:11)
  5 nameless horrors (D:12)
  6 orc knights
  An orc sorcerer (Orc:2)
  Pikel (D:6)
  An ugly thing (D:11)
  Joseph (D:8)
  2 cyclopes
  The ghost of voltaire321 the Covered, a novice MiFi (D:7)
  3 centaur skeletons
  Maurice (D:12)
  A gargoyle (D:10)
  A yaktaur (D:12)
  A tengu conjurer (D:12)
  A troll (D:11)
  A slime creature (D:12)
  A wyvern (D:9)
  4 yaks
  2 basilisks (D:9)
  8 wargs
  2 water moccasins
  3 ice beasts
  A hornet zombie (D:11)
  18 orc warriors
  A black bear (D:11)
  A sky beast (D:8)
  3 phantoms
  11 ogres
  7 centaurs
  A lemure (D:6)
  10 bullfrogs
  2 big kobolds
  A water moccasin zombie (D:12)
  A wyvern skeleton (D:11)
  A water moccasin skeleton (D:7)
  6 scorpions
  29 killer bees
  11 wights
  2 howler monkeys
  3 centaur zombies
  11 hounds
  4 jellies
  A bullfrog zombie (D:12)
  2 gnoll shamans
  Crazy Yiuf (D:6)
  6 bullfrog skeletons
  9 orc priests
  14 orc wizards
  Jessica (D:3)
  An iguana (D:4)
  10 worker ants
  A killer bee zombie (D:10)
  A hound skeleton (D:10)
  A howler monkey skeleton (D:6)
  Robin (D:2)
  2 worker ant zombies
  20 gnolls
  17 adders
  A shadow imp (D:5)
  3 white imps
  4 ufetubi
  An ooze (D:2)
  An adder zombie (D:7)
  An adder skeleton (D:8)
  5 worms
  4 leopard geckos
  86 orcs
  7 giant cockroaches
  11 goblins
  12 hobgoblins
  12 jackals
  6 quokkas
  A ball python (D:4)
  6 bats
  4 frilled lizards
  A giant cockroach zombie (D:5)
  A jackal skeleton (D:6)
  A jackal zombie (D:6)
  15 kobolds
  A leopard gecko skeleton (D:8)
  A quokka skeleton (D:5)
  6 rats
467 creatures vanquished.

Vanquished Creatures (collateral kills)
  2 ugly things (D:12)
  A quasit (D:12)
3 creatures vanquished.

Grand Total: 470 creatures vanquished

Notes
Turn   | Place    | Note
-------+----------+-------------------------------------------
     0 | D:1      | dickylongcocking the Octopode Venom Mage began the quest
                  | for the Orb.
     0 | D:1      | Reached XP level 1. HP: 11/11 MP: 3/3
   143 | D:1      | Reached XP level 2. HP: 12/17 MP: 1/5
   299 | D:1      | Reached skill level 4 in Poison Magic
   980 | D:1      | Reached XP level 3. HP: 14/21 MP: 0/6
  2002 | D:2      | Noticed Robin
  2021 | D:2      | Learned a level 2 spell: Poisonous Vapours
  2141 | D:2      | Killed Robin
  2142 | D:2      | Reached skill level 1 in Shields
  2142 | D:2      | Reached XP level 4. HP: 27/27 MP: 3/7
  2250 | D:2      | Found an ancient bone altar of Kikubaaqudgha.
  2305 | D:2      | Reached skill level 5 in Poison Magic
  3036 | D:2      | Reached XP level 5. HP: 31/31 MP: 2/8
  3741 | D:3      | Noticed Jessica
  3742 | D:3      | Killed Jessica
  3747 | D:3      | Learned a level 3 spell: Ignite Poison
  3780 | D:3      | Found a bloodstained altar of Trog.
  3806 | D:3      | Noticed an ogre
  3811 | D:3      | Learned a level 3 spell: Mephitic Cloud
  3815 | D:3      | Killed an ogre
  3816 | D:3      | Reached skill level 1 in Air Magic
  3816 | D:3      | Reached skill level 6 in Poison Magic
  3816 | D:3      | Reached XP level 6. HP: 34/36 MP: 2/9
  5399 | D:4      | Reached XP level 7. HP: 27/41 MP: 0/11
  5523 | D:4      | Found a blossoming altar of Fedhas.
  6175 | D:4      | Reached skill level 7 in Poison Magic
  6264 | D:4      | Found Raok's Gadget Boutique.
  6648 | D:5      | Entered Level 5 of the Dungeon
  6797 | D:5      | Found a hazy altar of Hepliaklqana.
  6837 | D:5      | Reached XP level 8. HP: 46/46 MP: 7/13
  7513 | D:5      | Reached skill level 1 in Fire Magic
  8046 | D:5      | Found a basalt altar of Yredelemnul.
  8448 | D:6      | Reached skill level 5 in Shields
  9020 | D:6      | Noticed Pikel
  9028 | D:6      | Killed Pikel
  9029 | D:6      | Reached skill level 8 in Poison Magic
  9029 | D:6      | Reached XP level 9. HP: 42/51 MP: 1/16
  9245 | D:6      | Found a sparkling altar of Nemelex Xobeh.
  9347 | D:6      | Found a staircase to the Ecumenical Temple.
  9414 | Temple   | Entered the Ecumenical Temple
  9493 | Temple   | Became a worshipper of Gozag Ym Sagoz the Greedy
  9622 | D:6      | Found a runed translucent door.
  9623 | D:6      | Noticed Crazy Yiuf
  9968 | D:6      | Killed Crazy Yiuf
 10066 | D:7      | Noticed voltaire321's ghost (novice MiFi)
 10066 | D:7      | Noticed a boulder beetle
 10067 | D:7      | Found a runed translucent door.
 10078 | D:7      | Reached skill level 5 in Spellcasting
 10820 | D:7      | Found a shimmering altar of Xom.
 10829 | D:7      | Noticed an angel
 10830 | D:7      | Found a shimmering altar of Xom.
 10830 | D:7      | Found a glowing silver altar of Zin.
 11423 | D:7      | Killed voltaire321's ghost
 11424 | D:7      | Reached skill level 9 in Poison Magic
 11435 | D:7      | Killed a boulder beetle
 11436 | D:7      | Reached skill level 5 in Transmutations
 11436 | D:7      | Reached XP level 10. HP: 47/56 MP: 3/18
 11586 | D:8      | Noticed Joseph
 11730 | D:8      | Found a burning altar of Makhleb.
 12016 | D:7      | Learned a level 4 spell: Olgreb's Toxic Radiance
 12243 | D:8      | Reached skill level 1 in Fighting
 12930 | D:8      | Killed Joseph
 12931 | D:8      | Reached skill level 5 in Fire Magic
 13662 | D:8      | Found a bloodstained altar of Trog.
 13662 | D:8      | Found a snail-covered altar of Cheibriados.
 13663 | D:8      | Found a hide-covered altar of Uskayaw.
 13949 | D:8      | Identified a scroll of acquirement
 13950 | D:8      | Acquired the +3 warlock's mirror {reflect}
 13951 | D:8      | Found the +3 warlock's mirror {reflect}
 14150 | D:9      | Found a staircase to the Lair.
 14154 | D:9      | Noticed a two-headed ogre
 14155 | D:9      | Reached skill level 10 in Poison Magic
 14175 | D:9      | Killed a two-headed ogre
 14176 | D:9      | Reached XP level 11. HP: 59/68 MP: 0/21
 14891 | D:10     | Entered Level 10 of the Dungeon
 15197 | D:10     | Reached skill level 11 in Poison Magic
 15792 | D:10     | Reached skill level 5 in Fighting
 16254 | D:10     | Noticed a two-headed ogre
 16260 | D:10     | Killed a two-headed ogre
 16440 | D:10     | Noticed a two-headed ogre
 16540 | D:10     | Killed a two-headed ogre
 17658 | D:11     | Noticed a cyclops
 17663 | D:11     | Killed a cyclops
 17664 | D:11     | Reached skill level 12 in Poison Magic
 17795 | D:11     | Noticed a white ugly thing
 17820 | D:11     | Killed a white ugly thing
 17837 | D:11     | Reached XP level 12. HP: 20/80 MP: 1/24
 18344 | D:11     | Found a portal to a secret trove of treasure.
 18720 | D:12     | Found a flagged portal.
 18729 | Bailey   | Entered a bailey
 19415 | D:12     | Found a runed translucent door.
 19433 | D:12     | Reached skill level 13 in Poison Magic
 19535 | D:12     | Noticed Maurice
 19539 | D:12     | Killed Maurice
 19790 | D:12     | Noticed a centaur warrior
 19791 | D:12     | Found a staircase to the Orcish Mines.
 19795 | D:12     | Killed a centaur warrior
 19819 | D:12     | Noticed Fannar
 19833 | D:12     | Killed Fannar
 20303 | Orc:1    | Entered Level 1 of the Orcish Mines
 20346 | Orc:1    | Reached skill level 10 in Spellcasting
 20352 | Orc:1    | Learned a level 4 spell: Summon Lightning Spire
 20357 | Orc:1    | Learned a level 4 spell: Sticky Flame
 20476 | Orc:1    | Learned a level 4 spell: Summon Ice Beast
 20668 | D:12     | Reached skill level 1 in Conjurations
 21269 | D:12     | Reached skill level 1 in Ice Magic
 21281 | D:12     | Reached XP level 13. HP: 34/90 MP: 4/27
 21664 | D:12     | Found a runed translucent door.
 21725 | D:12     | Reached skill level 1 in Summonings
 22043 | D:12     | Reached skill level 5 in Summonings
 22043 | D:12     | Reached XP level 14. HP: 72/97 MP: 5/28
 23253 | D:11     | Learned a level 5 spell: Fireball
 24200 | D:12     | Noticed Nessos
 24209 | D:12     | Killed Nessos
 24955 | Orc:1    | Found a roughly hewn altar of Beogh.
 25076 | Orc:2    | Entered Level 2 of the Orcish Mines
 25081 | Orc:2    | Noticed an orc warlord
 25090 | Orc:2    | Killed an orc warlord
 25650 | Orc:2    | Noticed Rupert
 25651 | Orc:2    | Paralysed by Rupert for 4 turns
 25688 | Orc:2    | Paralysed by Rupert for 6 turns
 25694 | Orc:2    | Killed Rupert
 25694 | Orc:2    | HP: 7/145 [two-headed ogre/+0 giant club (16)]
 25695 | Orc:2    | Annihilated by an orc warrior

Illustrated notes

Levels and vault maps discovered:
D:1:      minmay_arrival_open_corners, layout_loops_cross,
          amcnicky_mini_pool_small
D:2:      layout_loops_ring, lemuel_round_altar, grunt_decor_mini_mirrors,
          uniq_robin
D:3:      kennysheep_big_flooded_room, layout_loops_corners,
          trog_three_pillars_becter, uniq_jessica
D:4:      layout_gridville, fedhas_bush_and_centaur_altar, serial_shops, shop
D:5:      layout_basic, yredelemnul_altar_generic, nzn_hepliaklqana_mist_gate,
          enter_ossuary_1, minmay_misc_feat_tower
D:6:      layout_basic, old_standard_altar, minmay_temple_entry_proselytizer,
          uniq_crazy_yiuf_cottage, uniq_pikel
D:7:      layout_basic, grunt_temple_overflow_order_and_chaos_1,
          ebering_ghost_inner_flame, roderic_nine_men_s_morris, glass_columns_a,
          xom_teletrap_fun
D:8:      layout_cave_pods, makhleb_heckhound_becter,
          gammafunk_temple_overflow_claw, uniq_joseph
D:9:      layout_basic, david_lair_generic
D:10:     layout_stronghold, minmay_statues_item
D:11:     layout_basic, enter_trove_1, minmay_alternating_orb
D:12:     cheibrodos_histonic, layout_basic, orc_0_dummy, enter_bailey_6,
          uniq_maurice, uniq_fannar, uniq_nessos
Temple:   jpeg_temple_clearing
Orc:1:    cheibrodos_orc_guarddog, layout_caves, basic_altar
Orc:2:    st_orc_rangers, layout_caves, lightli_orcish_oven, uniq_rupert

Skill      XL: |  1  2  3  4  5  6  7  8  9 10 11 12 13 14 |
---------------+-------------------------------------------+-----
Poison Magic   | 4 5 6 7 8 9 10 12 13 | 13.5
Shields        | 1 2 3 4 5 6 7 |  7.2
Air Magic      | 1 2 3 |  3.5
Spellcasting   | 3 4 5 7 8 10 | 10.6
Transmutations | 3 5 |  5.1
Fire Magic     | 2 4 5 7 |  7.4
Fighting       | 3 6 8 9 |  9.6
Conjurations   | 1 2 3 |  3.8
Ice Magic      | 1 2 3 |  3.8
Summonings     | 5 6 |  6.1
Dodging        | 3 4 |  4.5
Stealth        | |  2.7
Unarmed Combat | |  0.1

Action                   |  1- 3 |  4- 6 |  7- 9 | 10-12 | 13-15 || total
-------------------------+-------+-------+-------+-------+-------++-------
Melee: Unarmed           |    13 |       |    14 |       |       ||    27
       Constrict         |     5 |    12 |    17 |    36 |     5 ||    75
       Tentacles         |     4 |     6 |     9 |    43 |    15 ||    77
       Dagger            |    23 |    43 |    67 |       |       ||   133
       Scimitar          |       |     7 |       |       |       ||     7
       Staff             |       |     2 |       |       |       ||     2
       War axe           |       |       |    51 |   105 |       ||   156
       Punch             |       |       |       |     1 |       ||     1
       Flail             |       |       |       |    79 |    43 ||   122
 Cast: Sting             |    50 |     7 |    23 |    35 |     1 ||   116
       Poisonous Vapours |     6 |    61 |    90 |    13 |       ||   170
       Mephitic Cloud    |       |     2 |     2 |    11 |     4 ||    19
       Ignite Poison     |       |       |    29 |    87 |    25 ||   141
       Olgreb's Toxic Ra |       |       |       |    67 |    32 ||    99
       Sticky Flame      |       |       |       |     9 |     9 ||    18
       Summon Ice Beast  |       |       |       |     3 |    40 ||    43
       Fireball          |       |       |       |       |     9 ||     9
Invok: Potion Petition   |       |       |       |     3 |     2 ||     5
Evoke: Wand              |       |       |     7 |    19 |    13 ||    39
       Phial of floods   |       |       |       |     1 |       ||     1
  Use: Potion            |       |       |     4 |    12 |     4 ||    20
       Scroll            |       |       |       |    19 |     5 ||    24
 Stab: Sleeping          |     1 |     4 |    11 |     7 |       ||    23
       Distracted        |       |       |       |     2 |       ||     2
       Invisible         |       |       |       |     3 |       ||     3
       Confused          |       |       |       |       |     2 ||     2
Armor: Skin              |     5 |     6 |    36 |    28 |     5 ||    80
Dodge: Dodged            |    29 |    45 |    68 |   172 |    77 ||   391
Block: Kite shield       |     2 |       |    34 |    39 |       ||    75
       Buckler           |       |       |       |   120 |    67 ||   187
       Reflection        |       |       |       |     4 |    20 ||    24
       Rpst.: Scimitar   |       |     2 |       |       |       ||     2

Table legend: (Time is in decaauts)
 A = Elapsed time spent in this place.
 B = Non-inter-level travel time spent in this place.
 C = Inter-level travel time spent in this place.
 D = Time resting spent in this place.
 E = Time spent auto-exploring this place.
 F = Levels seen in this place.
 G = Mean time per level.
                   A        B        C        D        E       F      G
               +--------+--------+--------+--------+--------+-----+--------+
         Total |  25829 |  25187 |    642 |   7906 |  13338 |  16 | 1614.3 |
       Dungeon |  24076 |  23472 |    604 |   7210 |  12763 |  12 | 2006.3 |
        Temple |     88 |     74 |     14 |      0 |     70 |   1 |   88.0 |
  Orcish Mines |   1064 |   1041 |     23 |    441 |    347 |   2 |  532.0 |
        Bailey |    598 |    598 |      0 |    255 |    158 |   1 |  598.0 |
               +--------+--------+--------+--------+--------+-----+--------+

Top non-repeatable levels by time:
    D:12: 3943 daAuts
    D:11: 3299 daAuts
     D:7: 2204 daAuts
     D:6: 1826 daAuts
     D:2: 1821 daAuts
     D:1: 1803 daAuts
    D:10: 1771 daAuts
     D:8: 1683 daAuts
     D:5: 1595 daAuts
     D:3: 1579 daAuts
     D:4: 1448 daAuts
     D:9: 1099 daAuts
   Orc:1: 950 daAuts
  Bailey: 598 daAuts
   Orc:2: 114 daAuts
